 Dungeon Crawl Stone Soup version 0.30-a0-760-g5a9884bb7c (webtiles) character file.

Game seed: 6422464786317559730

20 Esekla the Sneak (level 2, -4/16 HPs)
             Began as a Vine Stalker Delver on Feb 12, 2023.
             Was an Initiate of Vehumet.
             Slain by a worm (7 damage)
             ... in a sewer.
             The game lasted 00:03:29 (225 turns).

Esekla the Sneak (Vine Stalker Delver)               Turns: 225, Time: 00:03:29

Health: -4/16      AC:  3    Str: 14    XL:     2   Next: 79%
Magic:  0/3        EV: 11    Int: 10    God:    Vehumet [......]
Gold:   23         SH:  0    Dex: 15    Spells: 1/1 levels left

rFire   . . .      SeeInvis .    a - +0 falchion
rCold   . . .      Faith    .    (no shield)
rNeg    . . .      Spirit   +    b - +0 leather armour
rPois   .          Reflect  .    (no helmet)
rElec   .          Harm     .    (no cloak)
rCorr   .          Rampage  .    (no gloves)
Will    .....                    (no boots)
Stlth   +++                      (no amulet)
HPRegen 0.22/turn                (no ring)
MPRegen 0.08/turn                (no ring)

@: no status effects
A: fangs 2, magic shield, antimagic bite, no potion heal 2
a: Renounce Religion


You were in a sewer.
You worshipped Vehumet.
Vehumet was noncommittal.
You visited 1 branch of the dungeon, and saw 1 of its levels.
You also visited: Sewer.

You collected 23 gold pieces.

Inventory:

Hand Weapons
 a - a +0 falchion (weapon)
 f - a +0 dagger
Missiles
 d - 4 poisoned darts (quivered)
Armour
 b - a +0 leather armour (worn)
Wands
 g - a wand of digging (3)
Scrolls
 c - a scroll of fog
 e - a scroll of fear
Potions
 h - a potion of berserk rage {unknown}
 i - a potion of resistance {unknown}


   Skills:
 * Level 2.8 Fighting
 * Level 2.0 Long Blades
 + Level 1.6 Dodging
 + Level 6.4 Stealth
 * Level 0.3 Spellcasting


You had one spell level left.
You didn't know any spells.
Your spell library was empty.

Dungeon Overview and Level Annotations

Branches:
Dungeon (5/15)              Sewer (1/1)
 Temple: D:4-7

Altars:
Vehumet


Innate Abilities, Weirdness & Mutations

You have extremely sharp teeth.
When hurt, damage is shared between your health and your magic reserves.
Your bite disrupts and absorbs the magic of your enemies.
Potions cannot restore your health.


Message History

The worm is lightly wounded.
The worm splashes around in the water.
You hit the worm but do no damage.
The worm is moderately wounded.
The worm misses you.
You hit the worm.
The worm is moderately wounded.
You hit the worm.
The worm is heavily wounded.
The worm closely misses you.
You hit the worm.
You kill the worm!
Vehumet accepts your kill.
You enter the shallow water.
Moving in this stuff is going to be slow.
You see here a worm corpse.
d - 3 poisoned darts
d - 4 poisoned darts (gained 1)
You enter the shallow water.
Moving in this stuff is going to be slow.
A worm comes into view.
You slash the worm! You bite the worm. You drain its power.
The worm is heavily wounded.
You barely miss the worm. You bite the worm. You drain its power.
The worm is severely wounded.
The worm barely misses you.
You barely miss the worm. You bite the worm. You drain its power.
The worm is severely wounded.
The worm bites you!
You barely miss the worm. You bite the worm. You drain its power.
You feel invigorated.
The worm is severely wounded.
The worm bites you!
* * * LOW HITPOINT WARNING * * *
You hit the worm. Your bite misses the worm.
The worm is almost dead.
You hit the worm but do no damage. You bite the worm, but do no damage.
The worm is almost dead.
The worm bites you!
You die...

##### #### ##
##...## ##...## .
#.....#####.~..~#
?
#.~..~~~~~~~w.~~#
.
#~~~..#####@....#
# ##..~## ##...##
# ##~## #~## #
#~# ~# # #~# # ##
##†## ~## ##...##
..####....~#####
~~~~~~.~.~~≈≈≈≈≈~


You could see a worm.

Vanquished Creatures
  An adder (Sewer)
  A worm (Sewer)
  3 kobolds (Sewer)
  2 ball pythons (Sewer)
  3 rats (Sewer)
10 creatures vanquished.

Notes
Turn   | Place    | Note
-------+----------+-------------------------------------------
     0 | D:5      | Esekla the Vine Stalker Delver began the quest for the Orb.
     0 | D:5      | Reached XP level 1. HP: 11/11 MP: 2/2
    24 | D:5      | Found a radiant altar of Vehumet.
    30 | D:5      | Became a worshipper of Vehumet
    31 | D:5      | Noticed a necrophage
    62 | D:5      | Found a glowing drain.
    72 | Sewer    | Entered a sewer
   129 | Sewer    | Reached XP level 2. HP: 16/16 MP: 3/3
   162 | Sewer    | Noticed a kobold brigand
   225 | Sewer    | Slain by a worm

Illustrated notes

Levels and vault maps discovered:
D:5:      layout_basic, eat_drink_and_be_merry_uskayaw, vehumet_crystals,
          mainiacjoe_overflow_cross_hatched, cheibrodos_sewer_entry_sluice
Sewer:    sewer_co_15_rooms

Skill      XL: |  1 |
---------------+----+-----
Long Blades    | 2 |  2.0
Fighting       | |  2.8
Dodging        | |  1.6
Stealth        | |  6.4
Spellcasting   | |  0.3

Action                     || total
---------------------------++-------
  Melee: Falchion          ||    27
         Bite              ||    10
  Throw: Dart              ||     5
    Use: Scroll            ||     1
         Potion            ||     1
 Armour: Leather armour    ||     1
  Dodge: Dodged            ||    12

Table legend: (Time is in decaauts)
 A = Elapsed time spent in this place.
 B = Non-inter-level travel time spent in this place.
 C = Inter-level travel time spent in this place.
 D = Time resting spent in this place.
 E = Time spent auto-exploring this place.
 F = Levels seen in this place.
 G = Mean time per level.
                   A        B        C        D        E       F      G
               +--------+--------+--------+--------+--------+-----+--------+
         Total |    238 |    238 |      0 |      0 |      0 |   2 |  119.0 |
       Dungeon |     60 |     60 |      0 |      0 |      0 |   1 |   60.0 |
         Sewer |    178 |    178 |      0 |      0 |      0 |   1 |  178.0 |
               +--------+--------+--------+--------+--------+-----+--------+

Top non-repeatable levels by time:
   Sewer: 178 daAuts
     D:5: 60 daAuts
